 Dungeon Crawl Stone Soup version 0.27.1 (webtiles) character file.

Game seed: 895993996527736008

64 Descartes the Covert (level 3, 0/17 HPs)
             Began as a Felid Delver on Aug 25, 2021.
             Succumbed to Edmund's poison
             ... on level 4 of the Dungeon.
             The game lasted 00:01:34 (193 turns).

Descartes the Covert (Felid Delver)                  Turns: 193, Time: 00:01:34

Health: 0/17       AC:  1    Str: 12    XL:     3   Next: 91%
Magic:  2/4        EV: 17    Int: 11    God:
Gold:   37         SH:  0    Dex: 17    Spells: 2/2 levels left
                                        Lives:  0   Deaths: 0

rFire    + + .     SeeInvis +     - Unarmed
rCold    . . .     Faith    .   (shield unavailable)
rNeg     . . .     Spirit   +   (armour unavailable)
rPois    .         Reflect  .   (helmet unavailable)
rElec    .         Harm     .   (cloak unavailable)
rCorr    .         Rampage  +   (gloves unavailable)
Will     .....     NoTele   +   (boots unavailable)
Stlth    ++++......             f - amulet "Fepsidgh" {Spirit -Tele Rampage rF++ Str+3}
HPRegen  0.05/turn              (no ring)
MPRegen  0.09/turn              (no ring)

@: lethally poisoned (0 -> -6), quick
A: very small, claws 1, fangs 3, see invisible, speed 1, shaggy fur 1, stealthy
paws, no weapons or thrown items, no armour, multi-lived
a: no special abilities


You were on level 4 of the Dungeon.
You visited 1 branch of the dungeon, and saw 2 of its levels.

You collected 37 gold pieces.

Inventory:

Jewellery
 f - the amulet "Fepsidgh" (around neck) {Spirit -Tele Rampage rF++ Str+3}
   (You found it on level 5 of the Dungeon)

   [amulet of guardian spirit]

   It causes incoming damage to be divided between your reserves of health and
   magic.
   Str:       It affects your strength (+3).
   rF:        It greatly protects you from fire.
   -Tele:     It prevents most forms of teleportation.
   Rampage:   It bestows one free step when moving towards enemies.
Wands
 e - a wand of digging (3)
Scrolls
 a - a scroll of fog
 b - a scroll of magic mapping
 c - 2 scrolls of fear
Potions
 d - a potion of haste
 g - a potion of mutation {unknown}


   Skills:
 - Level 3.0 Fighting
 - Level 2.6 Dodging
 + Level 8.6 Stealth
 - Level 2.0 Unarmed Combat


You had 2 spell levels left.
You didn't know any spells.
Your spell library was empty.

Dungeon Overview and Level Annotations

Branches:
Dungeon (5/15)
 Temple: D:4-7

Altars:

Annotations:
D:4 Edmund
D:5 Eustachio, Grinder, Sigmund


Innate Abilities, Weirdness & Mutations

You have sharp claws.
You have razor-sharp teeth.
You have supernaturally acute eyesight. (SInv)
You cover ground quickly. (Speed+)
You are covered in fur. (AC +1)
Your paws help you pounce on unaware monsters.
You are incapable of wielding weapons or throwing items.
You cannot wear armour.
You gain extra lives every three experience levels.


Message History

Your experience leads to an increase in your attributes!
Your base attributes are Str 8, Int 11, Dex 17.
Increase (S)trength, (I)ntelligence, or (D)exterity?
You feel stronger.
Found 11 gold pieces.
A gnoll comes into view. It is wielding a +0 spear.
Items here: ) / [ †.
A giant cockroach comes into view.
You rampage towards the giant cockroach!
The helpless giant cockroach fails to defend itself.
You mangle the giant cockroach!!
You kill the giant cockroach!
Your Stealth skill increases to level 8!
Found a dazzling hunting sling.
A bullfrog zombie comes into view.
Edmund the Younger comes into view.
He is wielding a +1 flail of venom and wearing a +2 chain mail of cold resistance.
The helpless bullfrog zombie fails to defend itself.
You eviscerate the bullfrog zombie!!!
You destroy the bullfrog zombie!
A howler monkey comes into view.
The helpless Edmund fails to defend himself.
You eviscerate Edmund!!!
Edmund is severely wounded.
The howler monkey howls!
You scratch Edmund but do no damage.
Edmund is severely wounded.
Edmund hits you with a +1 flail of venom.
You are lethally poisoned!
You scratch Edmund but do no damage.
Edmund is severely wounded.
You feel very sick. Edmund barely misses you.
You feel sick.
* * * LOW HITPOINT WARNING * * *
You feel very sick.
* * * LOW HITPOINT WARNING * * *
You feel sick.
* * * LOW HITPOINT WARNING * * *
You feel sick.
You die...

##.# ##..# #...# #.##
#.h# ##@# #.##
####..###### .g.#..
###...@......# #$)...#
..............# .......
.##...........#
.......... ##..........#
.........)# #..........#
...........##..........#
....... ...#..........#
....... #.#..........#
###########............#


You could see Edmund and a howler monkey.

Vanquished Creatures
  A bullfrog zombie (D:4)
  Ijyb (D:4)
  A dart slug (D:4)
  An endoplasm (D:4)
  A giant cockroach (D:4)
  A goblin (D:4)
6 creatures vanquished.

Notes
Turn   | Place    | Note
-------+----------+-------------------------------------------
     0 | D:5      | Descartes the Felid Delver began the quest for the Orb.
     0 | D:5      | Reached XP level 1. HP: 10/10 MP: 2/2
     3 | D:5      | Identified the amulet "Fepsidgh" {Spirit -Tele Rampage rF++
                  | Str+3}
    22 | D:5      | Noticed Eustachio
    23 | D:5      | Noticed Sigmund
    99 | D:5      | Noticed Grinder
   136 | D:4      | Reached skill level 7 in Stealth
   148 | D:4      | Noticed Ijyb
   150 | D:4      | Killed Ijyb
   151 | D:4      | Reached XP level 2. HP: 14/14 MP: 3/3
   151 | D:4      | Reached XP level 3. HP: 17/17 MP: 4/4
   167 | D:4      | Reached skill level 8 in Stealth
   178 | D:4      | Noticed Edmund
   193 | D:4      | Succumbed to Edmund's poison

Illustrated notes

Levels and vault maps discovered:
D:4:      layout_rooms, fedhas_altar_3, uniq_menkaure, uniq_edmund, uniq_ijyb
D:5:      layout_rooms, grunt_ministairs_9, uniq_sigmund, uniq_blork_the_orc,
          uniq_eustachio, uniq_grinder

Skill      XL: |  1  2  3 |
---------------+----------+-----
Stealth        | 7 8 |  8.6
Fighting       | |  3.0
Dodging        | |  2.6
Unarmed Combat | |  2.0

Action                   || total
-------------------------++-------
Melee: Unarmed           ||    14
       Bite              ||     1
 Stab: Sleeping          ||     6
Dodge: Dodged            ||     6
